 Seeded DCSS version 0.30-a0-358-g0d69a1922f (webtiles) character file.

Game seed: 2231567656055988436 (custom seed)

119 retardedninja the Trooper (level 4, 0/41 HPs)
             Began as a Minotaur Fighter on Nov 9, 2022.
             Collided with a stone wall (5 damage)
             ... caused by a wretched star
             ... on level 1 of the Abyss.
             The game lasted 00:04:15 (2353 turns).

retardedninja the Trooper (Minotaur Fighter)        Turns: 2353, Time: 00:04:16

Health: 0/41       AC: 16    Str: 22    XL:     4   Next: 74%
Magic:  2/2        EV:  6    Int:  1    God:
Gold:   150        SH:  4    Dex: 10    Spells: 3/3 levels left

rFire   + . .      SeeInvis .    a - +0 war axe
rCold   . . .      Faith    .    c - +0 buckler
rNeg    . . .      Spirit   .    s - +1 plate armour
rPois   .          Reflect  .    (helmet restricted)
rElec   .          Harm     .    p - +0 cloak
rCorr   .          Rampage  .    (no gloves)
Will    .....                    (no boots)
Stlth   ..........               (no amulet)
HPRegen 0.26/turn                (no ring)
MPRegen 0.08/turn                (no ring)

@: no status effects
A: horns 2, retaliatory headbutt, iridescent scales 1, fire resistance 1,
(teleportitis 1), dopey 1[+1], [low MP 2], [screaming 2]
a: no special abilities


You were on level 1 of the Abyss.
You visited 1 branch of the dungeon, and saw 3 of its levels.
You visited the Abyss 1 time.

You collected 150 gold pieces.

Inventory:

Hand Weapons
 a - a +0 war axe (weapon)
Armour
 b - a +0 scale mail
 c - a +0 buckler (worn)
 p - a +0 cloak (worn)
 s - a +1 plate armour (worn)
Jewellery
 n - a ring of positive energy
 t - a ring of willpower
Scrolls
 h - 4 scrolls of identify {unknown}
 k - 2 scrolls of noise {unknown}
 l - a scroll of vulnerability {unknown}
 m - 2 scrolls of magic mapping {unknown}
 o - a scroll of brand weapon {unknown}
 r - a scroll of torment {unknown}
 u - a scroll of poison {unknown}
Potions
 d - a potion of might
 g - a potion of curing {unknown}
 i - a potion of flight {unknown}
 j - a potion of brilliance {unknown}
 q - a potion of mutation


   Skills:
 + Level 4.6 Fighting
 + Level 3.7 Axes
 + Level 4.5 Armour
 + Level 4.5 Shields


You had 3 spell levels left.
You didn't know any spells.
Your spell library was empty.

Dungeon Overview and Level Annotations

Branches:
Dungeon (3/15)

Altars:
Ashenzari


Innate Abilities, Weirdness & Mutations

You have a pair of horns on your head.
You reflexively headbutt those who attack you in melee.
You are partially covered in iridescent scales. (AC +2)
Your flesh is heat resistant. (rF+)
((You are occasionally teleported next to monsters.))
[You are very dopey. (Int -4)]
[Your magical capacity is very low. (-20% MP)]
[You frequently scream uncontrollably at your foes.]


Message History

The ufetubus disappears in a puff of smoke!
The ufetubus hits you. You block the ufetubus's attack.
The ufetubus attacks as you move away!
The ufetubus hits you but does no damage.
The ufetubus barely misses you. The ufetubus closely misses you.
The ufetubus hits you but does no damage.
The ufetubus hits you but does no damage.
You block the ufetubus's attack. The ufetubus attacks as you move away!
The ufetubus hits you but does no damage. x2
A wretched star comes into view.
The ufetubus disappears in a puff of smoke!
The wretched star pulses with an eldritch light!
You feel the urge to shout.
You feel a strong urge to scream.
The wretched star glows turbulently.
The lance of force misses you.
The wretched star glows turbulently.
The lance of force hits you!
You are knocked back by the lance of force.
The wretched star pulses with an eldritch light!
You feel less energetic. x2
The wretched star glows turbulently.
The lance of force hits you!!
Ouch! That really hurt!
* * * LOW HITPOINT WARNING * * *
You are knocked back by the lance of force.
It was a potion of mutation.
You feel extremely strange.
You feel weirdly uncertain.
You feel stupid.
Iridescent scales grow over part of your body.
You feel resistant to heat.
The wretched star pulses with an eldritch light!
You feel stupid.
A raiju comes into view.
The raiju barks!
The wretched star glows turbulently.
The lance of force hits you!
* * * LOW HITPOINT WARNING * * *
You are knocked back by the lance of force.
You slam into the stone wall!
You die...

#. .. ##.# ..
...# .# h..
#.## .. ...#
.#...## .
#.#...#..
#@#....#
###..##..#..
#....#.##..#
##.#*.....##
#..........#
#..###.######
####....#
######


You could see a wretched star and a raiju.

Vanquished Creatures
  5 adders (D:2)
  2 worms
  4 dart slugs
  7 endoplasms
  2 giant cockroaches (D:1)
  3 goblins
  7 hobgoblins
  5 quokkas
  2 ball pythons
  3 bats
  13 frilled lizards
  7 kobolds
  2 rats (D:1)
62 creatures vanquished.

Vanquished Creatures (others)
  3 plants (D:2)
3 creatures vanquished.

Grand Total: 65 creatures vanquished

Notes
Turn   | Place    | Note
-------+----------+-------------------------------------------
     0 | D:1      | retardedninja the Minotaur Fighter began the quest for the
                  | Orb.
     0 | D:1      | Reached XP level 1. HP: 19/19 MP: 0/0
   118 | D:1      | Reached XP level 2. HP: 16/27 MP: 1/1
   249 | D:1      | Found a faded altar of an unknown god.
   499 | D:1      | Reached XP level 3. HP: 33/33 MP: 2/2
   871 | D:2      | Reached XP level 4. HP: 41/41 MP: 3/3
  1651 | D:3      | Found a broken altar of Ashenzari.
  2232 | Abyss:1  | Cast into level 1 of the Abyss (kobold)
  2242 | Abyss:1  | Noticed a large abomination
  2279 | Abyss:1  | Noticed a ynoxinul
  2313 | Abyss:1  | Noticed a wretched star
  2348 | Abyss:1  | Gained mutation: You are occasionally teleported next to
                  | monsters. [potion of mutation]
  2348 | Abyss:1  | Gained mutation: [You are dopey. (Int -2)] [potion of
                  | mutation]
  2348 | Abyss:1  | Gained mutation: You are partially covered in iridescent
                  | scales. (AC +2) [potion of mutation]
  2348 | Abyss:1  | Gained mutation: Your flesh is heat resistant. (rF+)
                  | [potion of mutation]
  2353 | Abyss:1  | Noticed a raiju
  2353 | Abyss:1  | Collided with a stone wall

Illustrated notes

Levels and vault maps discovered:
D:1:      amcnicky_arrival_choice, layout_basic,
          shapermc_ecumenical_altar_ellora, minmay_misc_feat_ornament
D:2:      layout_basic, minmay_lizard_king
D:3:      layout_loops_ring, mainiacjoe_overflow_cross_hatched
Abyss:1:  base: D:1, evilmike_abyss_exit_5

Skill      XL: |  1  2 |
---------------+-------+-----
Armour         | 4 |  4.5
Fighting       | 4 |  4.6
Shields        | 4 |  4.5
Axes           | 3 |  3.7

Action                   |  1- 3 |  4- 6 || total
-------------------------+-------+-------++-------
Melee: War axe           |    73 |    45 ||   118
       Headbutt          |     7 |     6 ||    13
  Use: Scroll            |       |     2 ||     2
       Potion            |       |     1 ||     1
Armor: Scale mail        |    36 |    15 ||    51
       Plate armour      |       |    31 ||    31
Dodge: Dodged            |    31 |    37 ||    68
Block: Buckler           |    13 |    10 ||    23

Table legend: (Time is in decaauts)
 A = Elapsed time spent in this place.
 B = Non-inter-level travel time spent in this place.
 C = Inter-level travel time spent in this place.
 D = Time resting spent in this place.
 E = Time spent auto-exploring this place.
 F = Levels seen in this place.
 G = Mean time per level.
                   A        B        C        D        E       F      G
               +--------+--------+--------+--------+--------+-----+--------+
         Total |   2396 |   2297 |     99 |      0 |   1809 |   4 |  599.0 |
       Dungeon |   2275 |   2176 |     99 |      0 |   1809 |   3 |  758.3 |
         Abyss |    121 |    121 |      0 |      0 |      0 |   1 |  121.0 |
               +--------+--------+--------+--------+--------+-----+--------+

Top non-repeatable levels by time:
     D:2: 955 daAuts
     D:1: 709 daAuts
     D:3: 611 daAuts
 Abyss:1: 121 daAuts
